Map: Last Fantasy LE

Players

Rodolfinho

  • Race: Protoss Protoss
  • League: Diamond
  • Spawn Location: 7:00

KimChiLoVer - Winner!

  • Race: Terran Terran
  • League: Diamond
  • Spawn Location: 12:00

VOD

Have the link to the VOD?

Description

Time

  • Played on: Aug. 26, 2025, 10:09 p.m.
  • Length: 5:48
Show
View Real Time Build Order
Export as new Build Order

Rodolfinho Protoss 

Build Orders:  

Get SALT Encoding   

  12  0:00  Probe  
  13  0:18  Probe  
  14  0:23  Pylon  
  14  0:30  Probe  
  15  0:42  Probe  
  16  0:46  Gateway  
  16  0:49  Assimilator  
  16  0:54  Probe  
  17  1:06  Probe  
  18  1:12  Gateway  
  18  1:18  Gateway  
  18  1:27  Probe  
  19  1:38  Cybernetics Core  
  19  1:44  Pylon  
  19  2:04  Stalker x3  
  23  2:20  Shield Battery  
  25  2:29  Warp Gate  
  23  2:47  Probe  
  23  2:59  Probe  
  24  3:10  Probe  
  25  3:19  Probe  
  25  3:27  Probe  
  27  3:38  Probe  
  28  3:41  Nexus  
  28  3:50  Probe  
  29  4:02  Probe  
  30  4:03  Assimilator  
  30  4:05  Twilight Council  
  30  4:09  Pylon  
  30  4:14  Probe  
  31  4:22  Pylon  
  31  4:30  Zealot  
  31  4:31  Zealot x2  
  37  4:51  Probe x2  
  38  4:55  Gateway  
  38  4:59  Probe  
  39  5:03  Probe  
  41  5:08  Gateway, Pylon  
  41  5:09  Probe  
  42  5:15  Probe  
  39  5:21  Probe  
  39  5:22  Zealot  
Show
View Real Time Build Order
Export as new Build Order

KimChiLoVer Terran - Winner!

Build Orders:  

Get SALT Encoding   

  12  0:00  SCV  
  13  0:13  SCV  
  14  0:18  Supply Depot  
  14  0:25  SCV  
  15  0:39  SCV  
  15  0:41  Barracks  
  16  0:45  Refinery  
  16  0:51  SCV  
  17  0:57  Supply Depot  
  17  1:05  SCV  
  18  1:17  SCV  
  19  1:30  Orbital Command  
  19  1:31  Reaper  
  20  2:09  Barracks Reactor  
  20  2:14  Barracks  
  20  2:16  SCV  
  20  2:18  Barracks  
  20  2:21  Refinery  
  21  2:24  Supply Depot  
  21  2:28  SCV  
  22  2:50  Marine x2  
  23  3:07  Barracks Tech Lab x2  
  23  3:08  Marine  
  23  3:11  Marine  
  23  3:25  Marine  
  24  3:27  Marauder x2  
  24  3:28  Concussive Shells  
  28  3:38  Supply Depot x2  
  28  3:41  Stimpack  
  24  4:00  SCV, Marine x2, Marauder x2  
  31  4:08  Engineering Bay  
  31  4:09  Factory  
  31  4:17  Marine x2  
  31  4:21  Marine x2  
  35  4:35  Marine x2  
  37  4:39  Marauder  
  39  5:16  Marine  
  39  5:17  Marine, Bunker  
Tags
 
Add a new tag
Caveats
  • Supply blocks, unpowered buildings, or Contaminate may cause inaccurate times.
  • Supply counts are checked every 10 seconds.